Rangers vs Red Wings

Created - 9 novembre 2024 at 06:48

Goals
1 2 3 T
Rangers 5 0 0 5
Red Wings 2 0 1 3
Shots
1 2 3 T
Rangers 17 12 12 41
Red Wings 10 8 12 30

GoalsPenalties
1st period
1. Red Wings , Brock McGinn 5 (Erik Gustafsson 6, Chris Tierney 3) at 1:44
2. Rangers , Luke Evangelista 2 (Dylan Guenther 4, Matt Benning 4) at 3:02
3. Rangers , Dillon Dube 1 (Shane Pinto 2, Matt Benning 5) at 5:11
4. Red Wings , Alex Iafallo 9 (Jake McCabe 9) at 5:24 (SH)
5. Rangers , Dylan Guenther 5 (Connor Clifton 10, Bowen Byram 7) at 7:19 (PP)
6. Rangers , Connor Clifton 5 (Alexandre Texier 4, Bowen Byram 8) at 11:40
7. Rangers , Marco Rossi 3 (Brock Faber 7, Dylan Guenther 5) at 13:49
Brock McGinn (DET) for Holding (Minor) at 5:12
Mikey Anderson (DET) for Holding (Minor) at 7:03
Neal Pionk (DET) for Interference (Minor) at 15:00
Casey Mittelstadt (NYR) for Hooking (Minor) at 18:58
Jordan Eberle (DET) for Interference (Minor) at 19:15
2nd period
No Goal
Casey Mittelstadt (NYR) for Hooking (Minor) at 11:15
3rd period
8. Red Wings , Alex Iafallo 10 (Cody Glass 8, Robby Fabbri 4) at 10:13
Shane Pinto (NYR) for Roughing (Minor) at 2:33
Erik Gustafsson (DET) for Hooking (Minor) at 14:04
Goalie Stats
Marc-Andre Fleury (NYR), 27 saves from 30 shots - (0,900), W, 6-6-1, 60:00 minutes
Jake Allen (DET), 25 saves from 26 shots - (0,962), 48:20 minutes
Samuel Ersson (DET), 11 saves from 15 shots - (0,733), L, 7-5-0, 11:40 minutes
3 StarsOfficial
1 - Dylan Guenther (NYR)
2 - Alex Iafallo (DET)
3 - Connor Clifton (NYR)
Referees : Dean Morton and Brian Pochmara
Linesman : Darren Gibbs and Jay Sharrers
Game Note
Jake Allen enters game at 11:40 of 1st period
Finance
Level 1 -- Attendance: 3624 (60,40%) -- Ticket Income $453,000
Level 2 -- Attendance: 2589 (51,78%) -- Ticket Income $220,065
Level 3 -- Attendance: 1104 (55,20%) -- Ticket Income $66,240
Level 4 -- Attendance: 1832 (45,80%) -- Ticket Income $82,440
Luxury Box -- Attendance: 802 (80,20%) -- Ticket Income $180,450
Game was played at the Joe Louis Arena.
Total Attendance: 9951 (55,28%)
Total Ticket Income: $1,002,195
Other Income: $90,198
Total Income: $1,092,393



Team Name Goals Shots Shots Attemp Shots Blocked PIM HIT PP PK FO%
Rangers 5418966161 / 5 (20%)045%
Red Wings 330571410210 / 3 (0%)155%

Rangers
Player Name POS G A P +/- PIM HIT SHT SB MP PP MP PP SHT PK MP PK SHT FO% FOT
Alexandre TexierC/LW0111004115:570:0002:24018% 11
Andrei SvechnikovRW000-1054021:133:1510:00029% 7
Bowen ByramD022-1000019:162:5200:0000% 0
Brock FaberD0111013124:353:3031:5100% 0
Casey MittelstadtC000-1402019:403:1500:00057% 23
Clayton KellerLW/RW000-1025026:313:1502:2400% 1
Connor CliftonD112-1014221:402:5212:2400% 0
Craig SmithC/RW000001002:540:0000:0000% 1
Dillon DubeC1011011013:220:0000:0000% 1
Dylan GuentherLW/RW1231025020:073:0731:511100% 1
Filip ChytilC000000002:540:0000:00050% 6
Josh BrownD0001001016:090:0002:2400% 0
Luke EvangelistaRW1011005018:053:0700:0000% 1
Marco RossiC1011014019:563:0701:51054% 28
Matt BenningD0221000115:360:0001:5100% 0
Shane PintoC0111201013:210:0000:00047% 17
Thomas HarleyD0001022122:443:3000:0000% 0
Travis DermottD000000000:000:0000:0000% 0
Red Wings
Player Name POS G A P +/- PIM HIT SHT SB MP PP MP PP SHT PK MP PK SHT FO% FOT
Alex IafalloC/LW/RW2021037121:002:0323:34180% 5
Brock McGinnLW101-2234016:382:1221:530100% 2
Chris TierneyC011-1012016:240:0003:50150% 28
Cody GlassC/RW0110004019:370:0002:32055% 22
Erik GustafssonD011-2210114:140:0000:4600% 0
Filip ZadinaRW000-2000012:340:0000:0000% 1
Jake McCabeD0111020521:362:0502:4500% 0
Jakub VranaLW/RW0000002017:042:0300:0000% 1
Johnathan KovacevicD000002006:010:0003:3300% 0
Jordan EberleRW0000252017:592:1110:4700% 1
Leo CarlssonC0000001023:382:1200:00062% 34
Mikey AndersonD0001212423:052:1012:5300% 0
Nate SchmidtD000-2000214:030:0000:0400% 0
Neal PionkD0000222121:262:0502:4200% 0
Robby FabbriC/LW0110011017:262:0300:0000% 2
Rocco GrimaldiC/LW/RW000000004:430:0000:0000% 0
Tanner PearsonLW000000104:430:0000:0000% 1
Tyson BarrieD0000002019:322:1010:0000% 0

Rangers

5 vs 5 Forward
Line #Left WingCenterRight WingPHYDFOFWanted %Time %Time Play
1Clayton KellerCasey MittelstadtAndrei Svechnikov1223934%16:27
2Dylan GuentherMarco RossiLuke Evangelista1222831%14:58
3Alexandre TexierShane PintoDillon Dube1222328%13:22
4Clayton KellerFilip ChytilCraig Smith122106%2:54
5 vs 5 Defense
Line #DefenseDefensePHYDFOFWanted %Time %Time Play
1Thomas HarleyBrock Faber1223434%16:18
2Connor CliftonBowen Byram1223333%15:54
3Josh BrownMatt Benning1222429%13:45
4Thomas HarleyBrock Faber12294%1:44
Power Play Forward
Line #Left WingCenterRight WingPHYDFOFWanted %Time %Time Play
1Clayton KellerCasey MittelstadtAndrei Svechnikov1225551%3:15
2Dylan GuentherMarco RossiLuke Evangelista1224549%3:07
Power Play Defense
Line #DefenseDefensePHYDFOFWanted %Time %Time Play
1Thomas HarleyBrock Faber1225555%3:30
2Bowen ByramConnor Clifton1224545%2:52
Penalty Kill 4 Players Forward
Line #CenterWingPHYDFOFWanted %Time %Time Play
1Alexandre TexierClayton Keller1225556%2:24
2Marco RossiDylan Guenther1224544%1:51
Penalty Kill 4 Players Defense
Line #DefenseDefensePHYDFOFWanted %Time %Time Play
1Connor CliftonJosh Brown1225556%2:24
2Matt BenningBrock Faber1224544%1:51
Penalty Kill 3 Players
Line #WingPHYDFOFWanted %Time %Time PlayDefenseDefensePHYDFOFWanted %Time %Time Play
1Alexandre Texier122550%0:00 Connor CliftonJosh Brown122550%0:00
2Marco Rossi122450%0:00 Matt BenningBrock Faber122450%0:00
4 vs 4 Forward
Line #CenterWingPHYDFOFWanted %Time %Time Play
1Casey MittelstadtClayton Keller12255100%1:42
2Marco RossiAndrei Svechnikov122450%0:00
4 vs 4 Defense
Line #DefensePHYDFOFWanted %Time %Time Play
1Thomas HarleyBrock Faber1225571%55% - 1:12
2Connor CliftonBowen Byram1224529%45% - 0:30
Last Minutes Offensive
Left WingCenterRight WingDefenseDefense
Clayton KellerCasey MittelstadtAndrei SvechnikovThomas HarleyBrock Faber
Last Minutes Defensive
Left WingCenterRight WingDefenseDefense
Clayton KellerCasey MittelstadtAndrei SvechnikovThomas HarleyBrock Faber
Time
Total ForwardTotal DefenseLast Minutes OffensiveLast Minutes Defensive
60:00 60:00 0:000:00
Extra Forwards
Normal PowerPlayPenalty Kill
Clayton Keller, Andrei Svechnikov, Casey MittelstadtClayton Keller, Andrei SvechnikovAlexandre Texier
Extra Defensemen
Normal PowerPlayPenalty Kill
Brock Faber, Thomas Harley, Bowen ByramBrock Faber, Brock FaberJosh Brown
Penalty Shots
Clayton Keller, Andrei Svechnikov, Casey Mittelstadt, Dylan Guenther, Marco Rossi
Goalie
Marc-Andre Fleury, James Reimer
Scratches
Jordan Harris (Healthy), Christian Fischer (Healthy), Matt Martin (Healthy)

Red Wings

5 vs 5 Forward
Line #Left WingCenterRight WingPHYDFOFWanted %Time %Time Play
1Jakub VranaLeo CarlssonJordan Eberle0233831%15:01
2Robby FabbriCody GlassAlex Iafallo0233832%15:23
3Brock McGinnChris TierneyFilip Zadina0322326%12:34
4Tanner PearsonLeo CarlssonRocco Grimaldi032110%4:43
5 vs 5 Defense
Line #DefenseDefensePHYDFOFWanted %Time %Time Play
1Mikey AndersonJake McCabe1223833%15:34
2Neal PionkTyson Barrie1223734%16:10
3Nate SchmidtErik Gustafsson1222428%13:29
4Johnathan KovacevicMikey Anderson12215%2:28
Power Play Forward
Line #Left WingCenterRight WingPHYDFOFWanted %Time %Time Play
1Brock McGinnLeo CarlssonJordan Eberle0145552%2:12
2Robby FabbriAlex IafalloJakub Vrana0144548%2:03
Power Play Defense
Line #DefenseDefensePHYDFOFWanted %Time %Time Play
1Mikey AndersonTyson Barrie0235551%2:10
2Neal PionkJake McCabe0234549%2:05
Penalty Kill 4 Players Forward
Line #CenterWingPHYDFOFWanted %Time %Time Play
1Chris TierneyAlex Iafallo0505559%3:42
2Cody GlassBrock McGinn0504541%2:32
Penalty Kill 4 Players Defense
Line #DefenseDefensePHYDFOFWanted %Time %Time Play
1Neal PionkJohnathan Kovacevic0505557%3:33
2Mikey AndersonJake McCabe0504543%2:41
Penalty Kill 3 Players
Line #WingPHYDFOFWanted %Time %Time PlayDefenseDefensePHYDFOFWanted %Time %Time Play
1Chris Tierney05055100%0:08 Neal PionkNate Schmidt0505550%0:04
2Cody Glass050450%0:00 Mikey AndersonJake McCabe0504550%0:04
4 vs 4 Forward
Line #CenterWingPHYDFOFWanted %Time %Time Play
1Leo CarlssonJordan Eberle02355100%1:42
2Cody GlassRobby Fabbri023450%0:00
4 vs 4 Defense
Line #DefensePHYDFOFWanted %Time %Time Play
1Jake McCabeTyson Barrie0325571%55% - 1:12
2Neal PionkNate Schmidt0324529%45% - 0:30
Last Minutes Offensive
Left WingCenterRight WingDefenseDefense
Alex IafalloLeo CarlssonJordan EberleJake McCabeNeal Pionk
Last Minutes Defensive
Left WingCenterRight WingDefenseDefense
Leo CarlssonChris TierneyAlex IafalloJake McCabeMikey Anderson
Time
Total ForwardTotal DefenseLast Minutes OffensiveLast Minutes Defensive
60:00 60:00 0:000:00
Extra Forwards
Normal PowerPlayPenalty Kill
Leo Carlsson, Cody Glass, Jordan EberleJordan Eberle, Leo CarlssonJordan Eberle
Extra Defensemen
Normal PowerPlayPenalty Kill
Jake McCabe, Mikey Anderson, Neal PionkJake McCabe, Neal PionkMikey Anderson
Penalty Shots
Jordan Eberle, Leo Carlsson, Robby Fabbri, Jakub Vrana, Filip Zadina
Goalie
Samuel Ersson, Jake Allen
Scratches
Ethan Bear (Healthy), Vincent Desharnais (Healthy), Antti Raanta (Healthy)


Play-by-Play

1st period


0:01 of 1st period - Casey Mittelstadt wins face-off versus Jordan Eberle in neutral zone.
0:01 of 1st period - Andrei Svechnikov is hit by Jordan Eberle and loses puck.
0:26 of 1st period - Shot by Jordan Eberle.
0:26 of 1st period - Shot Misses the Net.
0:28 of 1st period - Shot by Jordan Eberle.
0:28 of 1st period - Shot Misses the Net.
1:18 of 1st period - Shot by Marco Rossi.
1:18 of 1st period - Stopped by Samuel Ersson without a rebound.
1:19 of 1st period - Shane Pinto wins face-off versus Chris Tierney in Red Wings zone.
1:28 of 1st period - Shot by Alexandre Texier.
1:28 of 1st period - Stopped by Samuel Ersson with a rebound.
1:44 of 1st period - Shot by Brock McGinn.
1:44 of 1st period - Goal by Brock McGinn - Rangers : 0 - Red Wings : 1.
1:45 of 1st period - Cody Glass wins face-off versus Marco Rossi in neutral zone.
1:49 of 1st period - Off-side.
1:50 of 1st period - Cody Glass wins face-off versus Craig Smith in neutral zone.
1:50 of 1st period - Alex Iafallo is hit by Craig Smith.
2:01 of 1st period - Shot by Filip Chytil.
2:01 of 1st period - Shot Misses the Net.
2:16 of 1st period - Icing by Neal Pionk.
2:17 of 1st period - Cody Glass wins face-off versus Shane Pinto in Red Wings zone.
2:36 of 1st period - Shot by Dillon Dube.
2:36 of 1st period - Shot Misses the Net.
2:38 of 1st period - Shot by Alexandre Texier.
2:38 of 1st period - Shot Misses the Net.
2:40 of 1st period - Shot by Alexandre Texier.
2:40 of 1st period - Stopped by Samuel Ersson without a rebound.
2:41 of 1st period - Marco Rossi wins face-off versus Filip Zadina in Red Wings zone.
2:54 of 1st period - Shot by Marco Rossi.
2:54 of 1st period - Stopped by Samuel Ersson with a rebound.
3:02 of 1st period - Shot by Luke Evangelista.
3:02 of 1st period - Goal by Luke Evangelista - Rangers : 1 - Red Wings : 1.
3:03 of 1st period - Leo Carlsson wins face-off versus Casey Mittelstadt in neutral zone.
3:03 of 1st period - Leo Carlsson is hit by Andrei Svechnikov.
3:06 of 1st period - Mikey Anderson is hit by Andrei Svechnikov and loses puck.
3:10 of 1st period - Off-side.
3:11 of 1st period - Casey Mittelstadt wins face-off versus Tanner Pearson in neutral zone.
4:39 of 1st period - Thomas Harley is hit by Alex Iafallo.
5:09 of 1st period - Shot by Shane Pinto.
5:09 of 1st period - Shot Misses the Net.
5:11 of 1st period - Shot by Dillon Dube.
5:11 of 1st period - Goal by Dillon Dube - Rangers : 2 - Red Wings : 1.
5:12 of 1st period - Filip Chytil wins face-off versus Chris Tierney in neutral zone.
5:12 of 1st period - Minor Penalty to Brock McGinn for Holding.
5:13 of 1st period - Chris Tierney wins face-off versus Casey Mittelstadt in Red Wings zone.
5:24 of 1st period - Shot by Alex Iafallo.
5:24 of 1st period - Goal by Alex Iafallo - Rangers : 2 - Red Wings : 2.
5:25 of 1st period - Chris Tierney wins face-off versus Andrei Svechnikov in neutral zone.
5:33 of 1st period - Brock Faber is hit by Johnathan Kovacevic and loses puck.
5:56 of 1st period - Shot by Brock Faber.
5:56 of 1st period - Stopped by Samuel Ersson without a rebound.
5:57 of 1st period - Chris Tierney wins face-off versus Marco Rossi in Red Wings zone.
6:05 of 1st period - Icing by Connor Clifton.
6:06 of 1st period - Marco Rossi wins face-off versus Chris Tierney in Rangers zone.
6:27 of 1st period - Shot by Connor Clifton.
6:27 of 1st period - Stopped by Samuel Ersson without a rebound.
6:28 of 1st period - Cody Glass wins face-off versus Andrei Svechnikov in Red Wings zone.
6:34 of 1st period - Icing by Casey Mittelstadt.
6:35 of 1st period - Casey Mittelstadt wins face-off versus Chris Tierney in Rangers zone.
6:35 of 1st period - Casey Mittelstadt is hit by Chris Tierney.
6:57 of 1st period - Shot by Andrei Svechnikov.
6:57 of 1st period - Shot Misses the Net.
6:59 of 1st period - Shot by Brock Faber.
6:59 of 1st period - Stopped by Samuel Ersson without a rebound.
7:00 of 1st period - Marco Rossi wins face-off versus Cody Glass in Red Wings zone.
7:00 of 1st period - Marco Rossi is hit by Mikey Anderson.
7:03 of 1st period - Minor Penalty to Mikey Anderson for Holding.
7:04 of 1st period - Chris Tierney wins face-off versus Marco Rossi in Red Wings zone.
7:19 of 1st period - Shot by Dylan Guenther.
7:19 of 1st period - Goal by Dylan Guenther - Rangers : 3 - Red Wings : 2.
7:20 of 1st period - Leo Carlsson wins face-off versus Casey Mittelstadt in neutral zone.
7:45 of 1st period - Shot by Andrei Svechnikov.
7:45 of 1st period - Shot Blocked by Mikey Anderson.
7:47 of 1st period - Shot by Casey Mittelstadt.
7:47 of 1st period - Shot Blocked by Mikey Anderson.
8:10 of 1st period - Icing by Jake McCabe.
8:11 of 1st period - Shane Pinto wins face-off versus Leo Carlsson in Red Wings zone.
8:16 of 1st period - Shot by Shane Pinto.
8:16 of 1st period - Shot Misses the Net.
8:18 of 1st period - Shot by Shane Pinto.
8:18 of 1st period - Shot Blocked by Jake McCabe.
8:20 of 1st period - Shot by Dillon Dube.
8:20 of 1st period - Shot Misses the Net.
8:26 of 1st period - Shot by Bowen Byram.
8:26 of 1st period - Shot Misses the Net.
8:28 of 1st period - Shot by Alexandre Texier.
8:28 of 1st period - Shot Misses the Net.
8:30 of 1st period - Shot by Shane Pinto.
8:30 of 1st period - Shot Blocked by Mikey Anderson.
8:32 of 1st period - Shot by Connor Clifton.
8:32 of 1st period - Stopped by Samuel Ersson without a rebound.
8:33 of 1st period - Marco Rossi wins face-off versus Cody Glass in Red Wings zone.
8:42 of 1st period - Shot by Neal Pionk.
8:42 of 1st period - Stopped by Marc-Andre Fleury without a rebound.
8:43 of 1st period - Chris Tierney wins face-off versus Shane Pinto in Rangers zone.
9:00 of 1st period - Shot by Alexandre Texier.
9:00 of 1st period - Shot Blocked by Erik Gustafsson.
9:14 of 1st period - Shot by Alexandre Texier.
9:14 of 1st period - Shot Misses the Net.
9:50 of 1st period - Shot by Casey Mittelstadt.
9:50 of 1st period - Shot Misses the Net.
9:52 of 1st period - Shot by Josh Brown.
9:52 of 1st period - Stopped by Samuel Ersson with a rebound.
9:54 of 1st period - Shot by Josh Brown.
9:54 of 1st period - Shot Misses the Net.
9:56 of 1st period - Shot by Clayton Keller.
9:56 of 1st period - Stopped by Samuel Ersson without a rebound.
9:57 of 1st period - Leo Carlsson wins face-off versus Marco Rossi in Red Wings zone.
10:28 of 1st period - Jake McCabe is hit by Brock Faber and loses puck.
11:11 of 1st period - Shot by Casey Mittelstadt.
11:11 of 1st period - Stopped by Samuel Ersson without a rebound.
11:12 of 1st period - Chris Tierney wins face-off versus Shane Pinto in Red Wings zone.
11:38 of 1st period - Shot by Alexandre Texier.
11:38 of 1st period - Shot Misses the Net.
11:40 of 1st period - Shot by Connor Clifton.
11:40 of 1st period - Goal by Connor Clifton - Rangers : 4 - Red Wings : 2.
11:40 of 1st period - Jake Allen enters game.
11:41 of 1st period - Casey Mittelstadt wins face-off versus Cody Glass in neutral zone.
11:43 of 1st period - Matt Benning is hit by Neal Pionk and loses puck.
11:52 of 1st period - Shot by Clayton Keller.
11:52 of 1st period - Shot Blocked by Alex Iafallo.
11:54 of 1st period - Shot by Matt Benning.
11:54 of 1st period - Shot Misses the Net.
11:56 of 1st period - Shot by Casey Mittelstadt.
11:56 of 1st period - Deflect By Andrei Svechnikov.
11:56 of 1st period - Shot Misses the Net.
12:12 of 1st period - Robby Fabbri is hit by Andrei Svechnikov and loses puck.
12:17 of 1st period - Shot by Casey Mittelstadt.
12:17 of 1st period - Shot Misses the Net.
13:37 of 1st period - Shot by Leo Carlsson.
13:37 of 1st period - Stopped by Marc-Andre Fleury without a rebound.
13:38 of 1st period - Cody Glass wins face-off versus Marco Rossi in Rangers zone.
13:38 of 1st period - Alex Iafallo is hit by Thomas Harley and loses puck.
13:49 of 1st period - Shot by Marco Rossi.
13:49 of 1st period - Goal by Marco Rossi - Rangers : 5 - Red Wings : 2.
13:50 of 1st period - Leo Carlsson wins face-off versus Shane Pinto in neutral zone.
14:00 of 1st period - Shot by Tanner Pearson.
14:00 of 1st period - Stopped by Marc-Andre Fleury without a rebound.
14:01 of 1st period - Marco Rossi wins face-off versus Cody Glass in Rangers zone.
14:01 of 1st period - Marco Rossi is hit by Robby Fabbri.
14:04 of 1st period - Icing by Dylan Guenther.
14:05 of 1st period - Marco Rossi wins face-off versus Cody Glass in Rangers zone.
14:05 of 1st period - Marco Rossi is hit by Alex Iafallo.
14:11 of 1st period - Shot by Cody Glass.
14:11 of 1st period - Shot Misses the Net.
14:31 of 1st period - Icing by Neal Pionk.
14:32 of 1st period - Cody Glass wins face-off versus Shane Pinto in Red Wings zone.
14:56 of 1st period - Alexandre Texier is hit by Neal Pionk and loses puck.
14:59 of 1st period - Shot by Connor Clifton.
14:59 of 1st period - Shot Blocked by Neal Pionk.
15:00 of 1st period - Minor Penalty to Neal Pionk for Interference.
15:01 of 1st period - Chris Tierney wins face-off versus Marco Rossi in Red Wings zone.
15:01 of 1st period - Chris Tierney is hit by Dylan Guenther.
15:08 of 1st period - Icing by Dylan Guenther.
15:09 of 1st period - Chris Tierney wins face-off versus Marco Rossi in Rangers zone.
15:30 of 1st period - Brock Faber is hit by Johnathan Kovacevic.
15:50 of 1st period - Shot by Dylan Guenther.
15:50 of 1st period - Stopped by Jake Allen without a rebound.
15:51 of 1st period - Casey Mittelstadt wins face-off versus Chris Tierney in Red Wings zone.
15:52 of 1st period - Shot by Andrei Svechnikov.
15:52 of 1st period - Shot Blocked by Jake McCabe.
15:54 of 1st period - Shot by Bowen Byram.
15:54 of 1st period - Shot Misses the Net.
16:52 of 1st period - Shot by Chris Tierney.
16:52 of 1st period - Stopped by Marc-Andre Fleury without a rebound.
16:53 of 1st period - Marco Rossi wins face-off versus Chris Tierney in Rangers zone.
16:57 of 1st period - Icing by Brock Faber.
16:58 of 1st period - Marco Rossi wins face-off versus Cody Glass in Rangers zone.
17:02 of 1st period - Matt Benning is hit by Jordan Eberle and loses puck.
17:11 of 1st period - Shot by Jordan Eberle.
17:11 of 1st period - Shot Blocked by Matt Benning.
17:13 of 1st period - Shot by Neal Pionk.
17:13 of 1st period - Shot Misses the Net.
17:29 of 1st period - Shot by Jakub Vrana.
17:29 of 1st period - Shot Misses the Net.
17:42 of 1st period - Off-side.
17:43 of 1st period - Marco Rossi wins face-off versus Chris Tierney in neutral zone.
18:03 of 1st period - Filip Zadina is hit by Thomas Harley and loses puck.
18:10 of 1st period - Shot by Chris Tierney.
18:10 of 1st period - Shot Misses the Net.
18:12 of 1st period - Shot by Chris Tierney.
18:12 of 1st period - Stopped by Marc-Andre Fleury without a rebound.
18:13 of 1st period - Cody Glass wins face-off versus Casey Mittelstadt in Rangers zone.
18:13 of 1st period - Robby Fabbri is hit by Connor Clifton and loses puck.
18:24 of 1st period - Shot by Cody Glass.
18:24 of 1st period - Shot Misses the Net.
18:30 of 1st period - Shot by Alex Iafallo.
18:30 of 1st period - Shot Misses the Net.
18:32 of 1st period - Shot by Alex Iafallo.
18:32 of 1st period - Deflect By Robby Fabbri.
18:32 of 1st period - Shot Blocked by Connor Clifton.
18:34 of 1st period - Shot by Cody Glass.
18:34 of 1st period - Shot Misses the Net.
18:58 of 1st period - Minor Penalty to Casey Mittelstadt for Hooking.
18:59 of 1st period - Leo Carlsson wins face-off versus Alexandre Texier in Rangers zone.
19:00 of 1st period - Shot by Mikey Anderson.
19:00 of 1st period - Stopped by Marc-Andre Fleury with a rebound.
19:02 of 1st period - Shot by Tyson Barrie.
19:02 of 1st period - Stopped by Marc-Andre Fleury with a rebound.
19:04 of 1st period - Shot by Brock McGinn.
19:04 of 1st period - Shot Misses the Net.
19:06 of 1st period - Shot by Brock McGinn.
19:06 of 1st period - Stopped by Marc-Andre Fleury without a rebound.
19:07 of 1st period - Leo Carlsson wins face-off versus Alexandre Texier in Rangers zone.
19:15 of 1st period - Minor Penalty to Jordan Eberle for Interference.
19:16 of 1st period - Leo Carlsson wins face-off versus Andrei Svechnikov in Red Wings zone.
19:29 of 1st period - Icing by Clayton Keller.
19:30 of 1st period - Andrei Svechnikov wins face-off versus Leo Carlsson in Rangers zone.
19:40 of 1st period - Icing by Neal Pionk.
19:41 of 1st period - Leo Carlsson wins face-off versus Andrei Svechnikov in Red Wings zone.
Goals for this period are 5 for Rangers vs 2 for Red Wings.
Shots for this period are 17 for Rangers vs 10 for Red Wings.

2nd period


0:01 of 2nd period - Leo Carlsson wins face-off versus Andrei Svechnikov in neutral zone.
0:04 of 2nd period - Shot by Cody Glass.
0:04 of 2nd period - Deflect By Leo Carlsson.
0:04 of 2nd period - Shot Blocked by Thomas Harley.
1:10 of 2nd period - Icing by Connor Clifton.
1:11 of 2nd period - Marco Rossi wins face-off versus Chris Tierney in Rangers zone.
1:20 of 2nd period - Shot by Alexandre Texier.
1:20 of 2nd period - Stopped by Jake Allen without a rebound.
1:21 of 2nd period - Chris Tierney wins face-off versus Dillon Dube in Red Wings zone.
1:41 of 2nd period - Shot by Josh Brown.
1:41 of 2nd period - Shot Misses the Net.
1:43 of 2nd period - Shot by Shane Pinto.
1:43 of 2nd period - Shot Blocked by Nate Schmidt.
1:54 of 2nd period - Shane Pinto is hit by Erik Gustafsson and loses puck.
1:59 of 2nd period - Shot by Alexandre Texier.
1:59 of 2nd period - Shot Misses the Net.
2:27 of 2nd period - Shot by Andrei Svechnikov.
2:27 of 2nd period - Stopped by Jake Allen without a rebound.
2:28 of 2nd period - Leo Carlsson wins face-off versus Marco Rossi in Red Wings zone.
2:28 of 2nd period - Jakub Vrana is hit by Dylan Guenther and loses puck.
3:13 of 2nd period - Off-side.
3:14 of 2nd period - Casey Mittelstadt wins face-off versus Robby Fabbri in neutral zone.
3:32 of 2nd period - Shot by Andrei Svechnikov.
3:32 of 2nd period - Stopped by Jake Allen without a rebound.
3:33 of 2nd period - Shane Pinto wins face-off versus Chris Tierney in Red Wings zone.
3:47 of 2nd period - Off-side.
3:48 of 2nd period - Cody Glass wins face-off versus Casey Mittelstadt in neutral zone.
4:03 of 2nd period - Shot by Cody Glass.
4:03 of 2nd period - Stopped by Marc-Andre Fleury without a rebound.
4:04 of 2nd period - Leo Carlsson wins face-off versus Luke Evangelista in Rangers zone.
4:40 of 2nd period - Icing by Tyson Barrie.
4:41 of 2nd period - Andrei Svechnikov wins face-off versus Leo Carlsson in Red Wings zone.
4:51 of 2nd period - Shot by Andrei Svechnikov.
4:51 of 2nd period - Stopped by Jake Allen without a rebound.
4:52 of 2nd period - Filip Chytil wins face-off versus Cody Glass in Red Wings zone.
4:52 of 2nd period - Clayton Keller is hit by Jake McCabe and loses puck.
5:19 of 2nd period - Shot by Clayton Keller.
5:19 of 2nd period - Deflect By Filip Chytil.
5:19 of 2nd period - Shot Misses the Net.
5:22 of 2nd period - Icing by Mikey Anderson.
5:23 of 2nd period - Alex Iafallo wins face-off versus Marco Rossi in Red Wings zone.
5:32 of 2nd period - Shot by Alex Iafallo.
5:32 of 2nd period - Stopped by Marc-Andre Fleury without a rebound.
5:33 of 2nd period - Leo Carlsson wins face-off versus Shane Pinto in Rangers zone.
5:36 of 2nd period - Shot by Tyson Barrie.
5:36 of 2nd period - Stopped by Marc-Andre Fleury without a rebound.
5:37 of 2nd period - Casey Mittelstadt wins face-off versus Leo Carlsson in Rangers zone.
5:37 of 2nd period - Casey Mittelstadt is hit by Jordan Eberle.
6:39 of 2nd period - Shot by Robby Fabbri.
6:39 of 2nd period - Deflect By Cody Glass.
6:39 of 2nd period - Stopped by Marc-Andre Fleury without a rebound.
6:40 of 2nd period - Brock McGinn wins face-off versus Marco Rossi in Rangers zone.
6:57 of 2nd period - Shot by Brock McGinn.
6:57 of 2nd period - Shot Misses the Net.
7:03 of 2nd period - Shot by Brock McGinn.
7:03 of 2nd period - Shot Misses the Net.
7:05 of 2nd period - Shot by Brock McGinn.
7:05 of 2nd period - Shot Misses the Net.
7:29 of 2nd period - Shot by Robby Fabbri.
7:29 of 2nd period - Shot Misses the Net.
8:51 of 2nd period - Shot by Clayton Keller.
8:51 of 2nd period - Shot Misses the Net.
8:53 of 2nd period - Shot by Thomas Harley.
8:53 of 2nd period - Stopped by Jake Allen without a rebound.
8:54 of 2nd period - Chris Tierney wins face-off versus Filip Chytil in Red Wings zone.
10:05 of 2nd period - Dylan Guenther is hit by Jordan Eberle and loses puck.
10:31 of 2nd period - Off-side.
10:32 of 2nd period - Shane Pinto wins face-off versus Robby Fabbri in neutral zone.
11:09 of 2nd period - Shot by Alexandre Texier.
11:09 of 2nd period - Stopped by Jake Allen without a rebound.
11:10 of 2nd period - Leo Carlsson wins face-off versus Casey Mittelstadt in Red Wings zone.
11:10 of 2nd period - Leo Carlsson is hit by Clayton Keller.
11:15 of 2nd period - Minor Penalty to Casey Mittelstadt for Hooking.
11:16 of 2nd period - Leo Carlsson wins face-off versus Alexandre Texier in Rangers zone.
11:17 of 2nd period - Shot by Brock McGinn.
11:17 of 2nd period - Deflect By Jordan Eberle.
11:17 of 2nd period - Stopped by Marc-Andre Fleury without a rebound.
11:18 of 2nd period - Alexandre Texier wins face-off versus Leo Carlsson in Rangers zone.
11:23 of 2nd period - Shot by Leo Carlsson.
11:23 of 2nd period - Shot Blocked by Connor Clifton.
11:37 of 2nd period - Shot by Mikey Anderson.
11:37 of 2nd period - Shot Blocked by Brock Faber.
11:39 of 2nd period - Shot by Brock McGinn.
11:39 of 2nd period - Stopped by Marc-Andre Fleury without a rebound.
11:40 of 2nd period - Alex Iafallo wins face-off versus Alexandre Texier in Rangers zone.
11:45 of 2nd period - Shot by Alex Iafallo.
11:45 of 2nd period - Shot Misses the Net.
11:47 of 2nd period - Shot by Neal Pionk.
11:47 of 2nd period - Shot Misses the Net.
13:26 of 2nd period - Icing by Thomas Harley.
13:27 of 2nd period - Casey Mittelstadt wins face-off versus Leo Carlsson in Rangers zone.
13:29 of 2nd period - Icing by Clayton Keller.
13:30 of 2nd period - Leo Carlsson wins face-off versus Clayton Keller in Rangers zone.
14:01 of 2nd period - Shot by Leo Carlsson.
14:01 of 2nd period - Shot Misses the Net.
14:19 of 2nd period - Shot by Alex Iafallo.
14:19 of 2nd period - Stopped by Marc-Andre Fleury without a rebound.
14:20 of 2nd period - Marco Rossi wins face-off versus Chris Tierney in Rangers zone.
14:56 of 2nd period - Shot by Mikey Anderson.
14:56 of 2nd period - Stopped by Marc-Andre Fleury with a rebound.
16:10 of 2nd period - Shot by Casey Mittelstadt.
16:10 of 2nd period - Shot Blocked by Mikey Anderson.
16:12 of 2nd period - Shot by Clayton Keller.
16:12 of 2nd period - Stopped by Jake Allen with a rebound.
16:14 of 2nd period - Shot by Clayton Keller.
16:14 of 2nd period - Shot Misses the Net.
16:16 of 2nd period - Shot by Clayton Keller.
16:16 of 2nd period - Stopped by Jake Allen with a rebound.
16:18 of 2nd period - Shot by Brock Faber.
16:18 of 2nd period - Shot Misses the Net.
16:28 of 2nd period - Shot by Clayton Keller.
16:28 of 2nd period - Stopped by Jake Allen without a rebound.
16:29 of 2nd period - Marco Rossi wins face-off versus Jakub Vrana in Red Wings zone.
16:48 of 2nd period - Shot by Luke Evangelista.
16:48 of 2nd period - Stopped by Jake Allen with a rebound.
17:03 of 2nd period - Tyson Barrie is hit by Marco Rossi and loses puck.
17:13 of 2nd period - Icing by Neal Pionk.
17:14 of 2nd period - Shane Pinto wins face-off versus Leo Carlsson in Red Wings zone.
17:31 of 2nd period - Shot by Alexandre Texier.
17:31 of 2nd period - Shot Misses the Net.
17:33 of 2nd period - Shot by Alexandre Texier.
17:33 of 2nd period - Shot Misses the Net.
17:35 of 2nd period - Shot by Dillon Dube.
17:35 of 2nd period - Shot Misses the Net.
19:24 of 2nd period - Shot by Dylan Guenther.
19:24 of 2nd period - Stopped by Jake Allen with a rebound.
19:26 of 2nd period - Shot by Luke Evangelista.
19:26 of 2nd period - Stopped by Jake Allen without a rebound.
19:27 of 2nd period - Cody Glass wins face-off versus Filip Chytil in Red Wings zone.
Goals for this period are 0 for Rangers vs 0 for Red Wings.
Shots for this period are 12 for Rangers vs 8 for Red Wings.

3rd period


0:01 of 3rd period - Casey Mittelstadt wins face-off versus Cody Glass in neutral zone.
0:23 of 3rd period - Shot by Thomas Harley.
0:23 of 3rd period - Stopped by Jake Allen without a rebound.
0:24 of 3rd period - Leo Carlsson wins face-off versus Marco Rossi in Red Wings zone.
0:53 of 3rd period - Shot by Jakub Vrana.
0:53 of 3rd period - Stopped by Marc-Andre Fleury with a rebound.
1:34 of 3rd period - Shot by Clayton Keller.
1:34 of 3rd period - Shot Blocked by Jake McCabe.
1:59 of 3rd period - Shot by Alex Iafallo.
1:59 of 3rd period - Stopped by Marc-Andre Fleury without a rebound.
2:00 of 3rd period - Shane Pinto wins face-off versus Chris Tierney in Rangers zone.
2:00 of 3rd period - Shane Pinto is hit by Brock McGinn.
2:33 of 3rd period - Minor Penalty to Shane Pinto for Roughing.
2:34 of 3rd period - Alex Iafallo wins face-off versus Alexandre Texier in Rangers zone.
2:51 of 3rd period - Shot by Neal Pionk.
2:51 of 3rd period - Shot Misses the Net.
2:53 of 3rd period - Shot by Alex Iafallo.
2:53 of 3rd period - Stopped by Marc-Andre Fleury without a rebound.
2:54 of 3rd period - Brock McGinn wins face-off versus Alexandre Texier in Rangers zone.
3:12 of 3rd period - Icing by Jordan Eberle.
3:13 of 3rd period - Leo Carlsson wins face-off versus Alexandre Texier in Red Wings zone.
3:40 of 3rd period - Shot by Dylan Guenther.
3:40 of 3rd period - Stopped by Jake Allen without a rebound.
3:41 of 3rd period - Alexandre Texier wins face-off versus Alex Iafallo in Red Wings zone.
3:59 of 3rd period - Icing by Alex Iafallo.
4:00 of 3rd period - Alex Iafallo wins face-off versus Alexandre Texier in Red Wings zone.
4:12 of 3rd period - Shot by Jakub Vrana.
4:12 of 3rd period - Shot Blocked by Alexandre Texier.
4:14 of 3rd period - Shot by Alex Iafallo.
4:14 of 3rd period - Shot Misses the Net.
4:22 of 3rd period - Shot by Alex Iafallo.
4:22 of 3rd period - Stopped by Marc-Andre Fleury without a rebound.
4:23 of 3rd period - Dylan Guenther wins face-off versus Leo Carlsson in Rangers zone.
4:59 of 3rd period - Tanner Pearson is hit by Andrei Svechnikov.
6:17 of 3rd period - Icing by Mikey Anderson.
6:18 of 3rd period - Cody Glass wins face-off versus Alexandre Texier in Red Wings zone.
6:23 of 3rd period - Alexandre Texier is hit by Alex Iafallo and loses puck.
6:42 of 3rd period - Shot by Neal Pionk.
6:42 of 3rd period - Stopped by Marc-Andre Fleury without a rebound.
6:43 of 3rd period - Chris Tierney wins face-off versus Casey Mittelstadt in Rangers zone.
7:10 of 3rd period - Shot by Casey Mittelstadt.
7:10 of 3rd period - Stopped by Jake Allen without a rebound.
7:11 of 3rd period - Leo Carlsson wins face-off versus Shane Pinto in Red Wings zone.
7:34 of 3rd period - Shot by Jordan Eberle.
7:34 of 3rd period - Shot Misses the Net.
8:11 of 3rd period - Icing by Josh Brown.
8:12 of 3rd period - Shane Pinto wins face-off versus Chris Tierney in Rangers zone.
8:38 of 3rd period - Shot by Clayton Keller.
8:38 of 3rd period - Stopped by Jake Allen without a rebound.
8:39 of 3rd period - Cody Glass wins face-off versus Marco Rossi in Red Wings zone.
9:06 of 3rd period - Brock Faber is hit by Jake McCabe and loses puck.
9:18 of 3rd period - Icing by Thomas Harley.
9:19 of 3rd period - Marco Rossi wins face-off versus Leo Carlsson in Rangers zone.
9:19 of 3rd period - Luke Evangelista is hit by Jordan Eberle and loses puck.
9:24 of 3rd period - Shot by Jordan Eberle.
9:24 of 3rd period - Stopped by Marc-Andre Fleury without a rebound.
9:25 of 3rd period - Casey Mittelstadt wins face-off versus Leo Carlsson in Rangers zone.
9:34 of 3rd period - Shot by Clayton Keller.
9:34 of 3rd period - Shot Misses the Net.
9:36 of 3rd period - Shot by Connor Clifton.
9:36 of 3rd period - Stopped by Jake Allen without a rebound.
9:37 of 3rd period - Chris Tierney wins face-off versus Filip Chytil in Red Wings zone.
9:45 of 3rd period - Off-side.
9:46 of 3rd period - Leo Carlsson wins face-off versus Casey Mittelstadt in neutral zone.
10:03 of 3rd period - Shot by Jakub Vrana.
10:03 of 3rd period - Stopped by Marc-Andre Fleury without a rebound.
10:04 of 3rd period - Cody Glass wins face-off versus Marco Rossi in Rangers zone.
10:11 of 3rd period - Shot by Cody Glass.
10:11 of 3rd period - Stopped by Marc-Andre Fleury with a rebound.
10:13 of 3rd period - Shot by Alex Iafallo.
10:13 of 3rd period - Goal by Alex Iafallo - Rangers : 5 - Red Wings : 3.
10:14 of 3rd period - Casey Mittelstadt wins face-off versus Leo Carlsson in neutral zone.
10:37 of 3rd period - Jordan Eberle is hit by Andrei Svechnikov.
11:30 of 3rd period - Shot by Dylan Guenther.
11:30 of 3rd period - Shot Misses the Net.
11:44 of 3rd period - Shot by Robby Fabbri.
11:44 of 3rd period - Shot Misses the Net.
12:31 of 3rd period - Shot by Brock McGinn.
12:31 of 3rd period - Stopped by Marc-Andre Fleury without a rebound.
12:32 of 3rd period - Casey Mittelstadt wins face-off versus Leo Carlsson in Rangers zone.
12:50 of 3rd period - Icing by Mikey Anderson.
12:51 of 3rd period - Leo Carlsson wins face-off versus Shane Pinto in Red Wings zone.
12:55 of 3rd period - Mikey Anderson is hit by Dillon Dube.
13:52 of 3rd period - Shot by Cody Glass.
13:52 of 3rd period - Stopped by Marc-Andre Fleury without a rebound.
13:53 of 3rd period - Casey Mittelstadt wins face-off versus Chris Tierney in Rangers zone.
13:53 of 3rd period - Casey Mittelstadt is hit by Brock McGinn.
14:04 of 3rd period - Minor Penalty to Erik Gustafsson for Hooking.
14:05 of 3rd period - Chris Tierney wins face-off versus Casey Mittelstadt in Red Wings zone.
14:40 of 3rd period - Shot by Thomas Harley.
14:40 of 3rd period - Deflect By Clayton Keller.
14:40 of 3rd period - Shot Misses the Net.
14:42 of 3rd period - Shot by Brock Faber.
14:42 of 3rd period - Stopped by Jake Allen without a rebound.
14:43 of 3rd period - Marco Rossi wins face-off versus Cody Glass in Red Wings zone.
15:04 of 3rd period - Shot by Bowen Byram.
15:04 of 3rd period - Shot Misses the Net.
15:10 of 3rd period - Shot by Connor Clifton.
15:10 of 3rd period - Shot Misses the Net.
15:12 of 3rd period - Shot by Connor Clifton.
15:12 of 3rd period - Shot Blocked by Jake McCabe.
15:14 of 3rd period - Shot by Dylan Guenther.
15:14 of 3rd period - Stopped by Jake Allen with a rebound.
15:20 of 3rd period - Shot by Dylan Guenther.
15:20 of 3rd period - Shot Misses the Net.
15:22 of 3rd period - Shot by Marco Rossi.
15:22 of 3rd period - Shot Blocked by Jake McCabe.
15:24 of 3rd period - Shot by Luke Evangelista.
15:24 of 3rd period - Deflect By Dylan Guenther.
15:24 of 3rd period - Shot Misses the Net.
15:36 of 3rd period - Shot by Brock Faber.
15:36 of 3rd period - Deflect By Andrei Svechnikov.
15:36 of 3rd period - Stopped by Jake Allen without a rebound.
15:37 of 3rd period - Chris Tierney wins face-off versus Casey Mittelstadt in Red Wings zone.
15:37 of 3rd period - Alex Iafallo is hit by Clayton Keller and loses puck.
16:14 of 3rd period - Shot by Alexandre Texier.
16:14 of 3rd period - Deflect By Shane Pinto.
16:14 of 3rd period - Stopped by Jake Allen without a rebound.
16:15 of 3rd period - Leo Carlsson wins face-off versus Shane Pinto in Red Wings zone.
16:17 of 3rd period - Icing by Erik Gustafsson.
16:18 of 3rd period - Marco Rossi wins face-off versus Leo Carlsson in Red Wings zone.
19:12 of 3rd period - Shot by Marco Rossi.
19:12 of 3rd period - Stopped by Jake Allen with a rebound.
19:14 of 3rd period - Shot by Connor Clifton.
19:14 of 3rd period - Shot Misses the Net.
19:22 of 3rd period - Shot by Luke Evangelista.
19:22 of 3rd period - Stopped by Jake Allen with a rebound.
19:24 of 3rd period - Shot by Luke Evangelista.
19:24 of 3rd period - Shot Blocked by Nate Schmidt.
19:26 of 3rd period - Shot by Luke Evangelista.
19:26 of 3rd period - Stopped by Jake Allen without a rebound.
19:27 of 3rd period - Filip Chytil wins face-off versus Cody Glass in Red Wings zone.
19:48 of 3rd period - Shot by Robby Fabbri.
19:48 of 3rd period - Stopped by Marc-Andre Fleury without a rebound.
19:49 of 3rd period - Shane Pinto wins face-off versus Chris Tierney in Rangers zone.
19:49 of 3rd period - Alexandre Texier is hit by Brock McGinn.
Goals for this period are 0 for Rangers vs 1 for Red Wings.
Shots for this period are 12 for Rangers vs 12 for Red Wings.